Workbook

Sheet ЛСР
K1: Приложение №
K2: к Договору подряда №
B3: ПОДРЯДЧИК: | D3: ЗАКАЗЧИК: | I3: ТЕХНИЧЕСКИЙ ЗАКАЗЧИК:
D4: ООО "ЭНКО СТРОЙ" | I4: ООО "Технический заказчик "ЭНКО"
D6: ___________/С.И. Ярков | I6: ___________/С.И. Ярков
D8: Локальный сметный расчет №
D9: Устройство системы ПС и СОУЭ. ГП-215
A11: № | B11: Наименование | C11: Марка | D11: Характеристика | E11: Ед. изм. | F11: Секция 1 | G11: Кол-во | H11: Цена | I11: Сумма | J11: Примечание | K11: Форма закупа материала
A12: 11 | B12: Внутренние инженерные сети
A13: 11.10. | B13: Система пожарной сигнализации и система оповещения и управления эвакуацией людей при пожаре
A14: 11.10.01 | B14: Прокладка КПП, трубы
A15: 11.10.01.00 | B15: Прокладка КПП, трубы | I15: =I16+I20 -> 0
B16: Работа: | I16: =SUM(I17:I19) -> 0
B17: Прокладка КПП | E17: м | F17: =SUM(F21:F26) -> 13900 | G17: =SUM(F17:F17) -> 13900 | H17: =VLOOKUP(B17,СМР!$B$3:$F$7,5,0) -> 0 | I17: =H17*G17 -> 0
B18: Прокладка металлорукава | E18: м | F18: =F27 -> 650 | G18: =SUM(F18:F18) -> 650 | H18: =VLOOKUP(B18,СМР!$B$3:$F$7,5,0) -> 0 | I18: =H18*G18 -> 0
B19: Прокладка трубы | E19: м | F19: =SUM(F28:F31) -> 6812 | G19: =SUM(F19:F19) -> 6812 | H19: =VLOOKUP(B19,СМР!$B$3:$F$7,5,0) -> 0 | I19: =H19*G19 -> 0
B20: Материалы: | I20: =SUM(I21:I32) -> 0
B21: Кабель тип 1 | C21: КПСнг(А)-FRLS | D21: симметричной парной скрутки, сеч. 1х2х0,5 мм2 | E21: м | F21: 8900 | G21: =SUM(F21:F21) -> 8900 | H21: =VLOOKUP(B21,ТМЦ!$B$3:$J$68,6,0) -> 0 | I21: =H21*G21 -> 0 | K21: =VLOOKUP(B21,ТМЦ!$B$3:$J$68,9,0) -> 0
B22: Кабель тип 2 | C22: КПСнг(А)-FRLS | D22: симметричной парной скрутки, сеч. 1х2х1,5 мм2 | E22: м | F22: 3200 | G22: =SUM(F22:F22) -> 3200 | H22: =VLOOKUP(B22,ТМЦ!$B$3:$J$68,6,0) -> 0 | I22: =H22*G22 -> 0 | K22: =VLOOKUP(B22,ТМЦ!$B$3:$J$68,9,0) -> 0
B23: Кабель тип 3 | C23: КПСнг(А)-FRLS | D23: симметричной парной скрутки, сеч. 2х2х0,2 мм2 | E23: м | F23: 250 | G23: =SUM(F23:F23) -> 250 | H23: =VLOOKUP(B23,ТМЦ!$B$3:$J$68,6,0) -> 0 | I23: =H23*G23 -> 0 | K23: =VLOOKUP(B23,ТМЦ!$B$3:$J$68,9,0) -> 0
B24: Кабель тип 4 | C24: ВВГнг(А)-FRLS | D24: Кабель огнестойкий силовой, сеч. 5x1,5 мм2 | E24: м | F24: 90 | G24: =SUM(F24:F24) -> 90 | H24: =VLOOKUP(B24,ТМЦ!$B$3:$J$68,6,0) -> 0 | I24: =H24*G24 -> 0 | K24: =VLOOKUP(B24,ТМЦ!$B$3:$J$68,9,0) -> 0
B25: Кабель тип 5 | C25: ВВГнг(А)-FRLS | D25: огнестойкий силовой, сеч. 3x1,5 мм2 | E25: м | F25: 650 | G25: =SUM(F25:F25) -> 650 | H25: =VLOOKUP(B25,ТМЦ!$B$3:$J$68,6,0) -> 0 | I25: =H25*G25 -> 0 | K25: =VLOOKUP(B25,ТМЦ!$B$3:$J$68,9,0) -> 0
B26: Кабель тип 6 | C26: КПСнг(А)-FRLS | D26: симметричной парной скрутки, сеч. 2х2х0,5 мм2 | E26: м | F26: 810 | G26: =SUM(F26:F26) -> 810 | H26: =VLOOKUP(B26,ТМЦ!$B$3:$J$68,6,0) -> 0 | I26: =H26*G26 -> 0 | K26: =VLOOKUP(B26,ТМЦ!$B$3:$J$68,9,0) -> 0
B27: Металлорукав | D27: в ПВХ изоляции МРПИ НГ д20 морозостойкий черный, УХЛ1 | E27: м | F27: 650 | G27: =SUM(F27:F27) -> 650 | H27: =VLOOKUP(B27,ТМЦ!$B$3:$J$68,6,0) -> 0 | I27: =H27*G27 -> 0 | K27: =VLOOKUP(B27,ТМЦ!$B$3:$J$68,9,0) -> 0
B28: Труба тип 1 | D28: гофрированная самозатухающая ТГТ СЗ Ø 16 мм с зондом | E28: м | F28: 6200 | G28: =SUM(F28:F28) -> 6200 | H28: =VLOOKUP(B28,ТМЦ!$B$3:$J$68,6,0) -> 0 | I28: =H28*G28 -> 0 | K28: =VLOOKUP(B28,ТМЦ!$B$3:$J$68,9,0) -> 0
B29: Труба тип 2 | D29: гофрированная самозатухающая ТГТ СЗ Ø 25 мм с зондом | E29: м | F29: 480 | G29: =SUM(F29:F29) -> 480 | H29: =VLOOKUP(B29,ТМЦ!$B$3:$J$68,6,0) -> 0 | I29: =H29*G29 -> 0 | K29: =VLOOKUP(B29,ТМЦ!$B$3:$J$68,9,0) -> 0
B30: Труба тип 3 | D30: жесткая ПВХ д50 CTR10-063-K41-015I | E30: м | F30: 120 | G30: =SUM(F30:F30) -> 120 | H30: =VLOOKUP(B30,ТМЦ!$B$3:$J$68,6,0) -> 0 | I30: =H30*G30 -> 0 | K30: =VLOOKUP(B30,ТМЦ!$B$3:$J$68,9,0) -> 0
B31: Труба тип 4 | D31: Труба электросварная 76х3,5 | E31: м | F31: =F30*0.1 -> 12 | G31: =SUM(F31:F31) -> 12 | H31: =VLOOKUP(B31,ТМЦ!$B$3:$J$68,6,0) -> 0 | I31: =H31*G31 -> 0 | K31: =VLOOKUP(B31,ТМЦ!$B$3:$J$68,9,0) -> 0
B32: Прочие материалы (Кабель-канал 100х60, Наконечник кольцевой НКИ 5,5-6, Коробка распределительная 80х80х40, Коробка распределительная огнестойкая, Хомут трубный в комплекте, 1 1/2", 47-51 мм) | E32: % | G32: =I32*100/I16 -> #DIV/0! | I32: =SUM(I33:I39) -> 0
B33: Кабель-канал 100х60 | D33: CKK10-100-060-1-K01 | E33: м | F33: 20 | G33: =SUM(F33:F33) -> 20 | H33: =VLOOKUP(B33,ТМЦ!$B$3:$J$68,6,0) -> 0 | I33: =H33*G33 -> 0
B34: Монтажная пена Технониколь 240 PROFESSIONAL, огнестойкая, TN528380 | E34: шт | F34: =(F30/3)*0.1 -> 4 | G34: =SUM(F34:F34) -> 4 | H34: =VLOOKUP(B34,ТМЦ!$B$3:$J$68,6,0) -> 0 | I34: =H34*G34 -> 0
B35: Огнезащитный силиконовый герметик Огнетитан SN однокомпонентный, серый 310 мл ТУ 2513-004-03495485-2016 БП-00000536 | E35: шт | F35: =F34 -> 4 | G35: =SUM(F35:F35) -> 4 | H35: =VLOOKUP(B35,ТМЦ!$B$3:$J$68,6,0) -> 0 | I35: =H35*G35 -> 0
B36: Коробка распределительная огнестойкая | D36: КМ-О (4к)-IP41 | E36: шт | F36: 20 | G36: =SUM(F36:F36) -> 20 | H36: =VLOOKUP(B36,ТМЦ!$B$3:$J$68,6,0) -> 0 | I36: =H36*G36 -> 0
B37: Коробка распределительная 80х80х40 | C37: DKC | D37: 53700 | E37: шт | F37: 160 | G37: =SUM(F37:F37) -> 160 | H37: =VLOOKUP(B37,ТМЦ!$B$3:$J$68,6,0) -> 0 | I37: =H37*G37 -> 0
B38: Коробка распределительная огнестойкая | D38: КМ-О (8к)-IP41 | E38: шт | F38: 50 | G38: =SUM(F38:F38) -> 50 | H38: =VLOOKUP(B38,ТМЦ!$B$3:$J$68,6,0) -> 0 | I38: =H38*G38 -> 0
B39: Хомут трубный в комплекте, 1 1/2", 47-51 мм | D39: 47-51 мм | E39: шт | F39: =F30/3*2 -> 80 | G39: =SUM(F39:F39) -> 80 | H39: =VLOOKUP(B39,ТМЦ!$B$3:$J$68,6,0) -> 0 | I39: =H39*G39 -> 0
A40: 11.10.02. | B40: Установка оборудования
A41: 11.10.02.00 | B41: Установка оборудования | I41: =I42+I44 -> 0
B42: Работа: | I42: =SUM(I43:I43) -> 0
B43: Монтажные работы | E43: комплекс | F43: 1 | G43: =SUM(F43:F43) -> 1 | H43: =VLOOKUP(B43,СМР!$B$3:$F$7,5,0) -> 0 | I43: =H43*G43 -> 0
B44: Материалы: | I44: =SUM(I45:I92) -> 0
B45: Прибор приемно-контрольный и управления охранно-пожарный адресный | D45: R3-Рубеж-2ОП | E45: шт | F45: 5 | G45: =SUM(F45:F45) -> 5 | H45: =VLOOKUP(B45,ТМЦ!$B$3:$J$68,6,0) -> 0 | I45: =H45*G45 -> 0 | K45: =VLOOKUP(B45,ТМЦ!$B$3:$J$68,9,0) -> 0
B46: Прибор приемно-контрольный и управления охранно-пожарный адресный | D46: АМП-4-R3 | E46: шт | F46: 4 | G46: =SUM(F46:F46) -> 4 | H46: =VLOOKUP(B46,ТМЦ!$B$3:$J$68,6,0) -> 0 | I46: =H46*G46 -> 0 | J46: Встроенные помещения | K46: =VLOOKUP(B46,ТМЦ!$B$3:$J$68,9,0) -> 0
B47: Блок индикации и управления | D47: R3-Рубеж-БИУ | E47: шт | F47: 1 | G47: =SUM(F47:F47) -> 1 | H47: =VLOOKUP(B47,ТМЦ!$B$3:$J$68,6,0) -> 0 | I47: =H47*G47 -> 0 | K47: =VLOOKUP(B47,ТМЦ!$B$3:$J$68,9,0) -> 0
B48: Модуль связи | D48: R3-МС | E48: шт | F48: 1 | G48: =SUM(F48:F48) -> 1 | H48: =VLOOKUP(B48,ТМЦ!$B$3:$J$68,6,0) -> 0 | I48: =H48*G48 -> 0 | K48: =VLOOKUP(B48,ТМЦ!$B$3:$J$68,9,0) -> 0
B49: Модуль сопряжения | D49: R3-МС-E | E49: шт | F49: 1 | G49: =SUM(F49:F49) -> 1 | H49: =VLOOKUP(B49,ТМЦ!$B$3:$J$68,6,0) -> 0 | I49: =H49*G49 -> 0 | K49: =VLOOKUP(B49,ТМЦ!$B$3:$J$68,9,0) -> 0
B50: Настенный громкоговоритель | C50: Sonar | D50: SW-06-03 | E50: шт | F50: 99 | G50: =SUM(F50:F50) -> 99 | H50: =VLOOKUP(B50,ТМЦ!$B$3:$J$68,6,0) -> 0 | I50: =H50*G50 -> 0 | K50: =VLOOKUP(B50,ТМЦ!$B$3:$J$68,9,0) -> 0
B51: Фильтр оконечный для трансляционной линии | C51: Sonar | D51: SFT-2300-M | E51: шт | F51: 4 | G51: =SUM(F51:F51) -> 4 | H51: =VLOOKUP(B51,ТМЦ!$B$3:$J$68,6,0) -> 0 | I51: =H51*G51 -> 0 | K51: =VLOOKUP(B51,ТМЦ!$B$3:$J$68,9,0) -> 0
B52: Источник вторичного электропитания тип 1 | D52: ИВЭПР 12/3,5 RS-R3 исп. 2x12 БР | E52: шт | F52: 1 | G52: =SUM(F52:F52) -> 1 | H52: =VLOOKUP(B52,ТМЦ!$B$3:$J$68,6,0) -> 0 | I52: =H52*G52 -> 0 | K52: =VLOOKUP(B52,ТМЦ!$B$3:$J$68,9,0) -> 0
B53: Источник вторичного электропитания тип 2 | D53: ИВЭПР 12/5 RS-R3 исп. 2x40 БР | E53: шт | F53: 1 | G53: =SUM(F53:F53) -> 1 | H53: =VLOOKUP(B53,ТМЦ!$B$3:$J$68,6,0) -> 0 | I53: =H53*G53 -> 0 | K53: =VLOOKUP(B53,ТМЦ!$B$3:$J$68,9,0) -> 0
B54: Источник вторичного электропитания тип 3 | D54: ИВЭПР 12/2 RS-R3 исп. 2x7 БР | E54: шт | F54: 3 | G54: =SUM(F54:F54) -> 3 | H54: =VLOOKUP(B54,ТМЦ!$B$3:$J$68,6,0) -> 0 | I54: =H54*G54 -> 0 | K54: =VLOOKUP(B54,ТМЦ!$B$3:$J$68,9,0) -> 0
B55: Источник вторичного электропитания тип 4 | D55: РИП-12 исп.20 (РИП-12-1/7М2-Р) | E55: шт | F55: 4 | G55: =SUM(F55:F55) -> 4 | H55: =VLOOKUP(B55,ТМЦ!$B$3:$J$68,6,0) -> 0 | I55: =H55*G55 -> 0 | J55: Встроенные помещения | K55: =VLOOKUP(B55,ТМЦ!$B$3:$J$68,9,0) -> 0
B56: Прибор управления средствами оповещения пожарный | C56: Sonar | D56: "Sonar SPM-B20050-AW" | E56: шт | F56: 1 | G56: =SUM(F56:F56) -> 1 | H56: =VLOOKUP(B56,ТМЦ!$B$3:$J$68,6,0) -> 0 | I56: =H56*G56 -> 0 | K56: =VLOOKUP(B56,ТМЦ!$B$3:$J$68,9,0) -> 0
B57: Бокс под 2 АКБ 12В 40Ач | C57: Sonar | D57: Sonar "SPM-Bох" | E57: шт | F57: 2 | G57: =SUM(F57:F57) -> 2 | H57: =VLOOKUP(B57,ТМЦ!$B$3:$J$68,6,0) -> 0 | I57: =H57*G57 -> 0 | K57: =VLOOKUP(B57,ТМЦ!$B$3:$J$68,9,0) -> 0
B58: Кожух для моноблоков серии SPM настенного исполнения | C58: Sonar | D58: кожух | E58: шт | F58: 1 | G58: =SUM(F58:F58) -> 1 | H58: =VLOOKUP(B58,ТМЦ!$B$3:$J$68,6,0) -> 0 | I58: =H58*G58 -> 0 | K58: =VLOOKUP(B58,ТМЦ!$B$3:$J$68,9,0) -> 0
B59: Извещатель тип 1 | D59: пожарный дымовой оптико-электронный адресно-аналоговый ИП 212-64-R3 IP40 (новый корпус) | E59: шт | F59: 786 | G59: =SUM(F59:F59) -> 786 | H59: =VLOOKUP(B59,ТМЦ!$B$3:$J$68,6,0) -> 0 | I59: =H59*G59 -> 0 | K59: =VLOOKUP(B59,ТМЦ!$B$3:$J$68,9,0) -> 0
B60: Извещатель тип 2 | D60: пожарный ручной адресный с встроенным изолятором короткого замыкания ИПР 513-11 ИКЗ-А-R3 | E60: шт | F60: 61 | G60: =SUM(F60:F60) -> 61 | H60: =VLOOKUP(B60,ТМЦ!$B$3:$J$68,6,0) -> 0 | I60: =H60*G60 -> 0 | K60: =VLOOKUP(B60,ТМЦ!$B$3:$J$68,9,0) -> 0
B61: Извещатель тип 3 | D61: пожарный автономный ИП 212-50М2 | E61: шт | F61: 616 | G61: =SUM(F61:F61) -> 616 | H61: =VLOOKUP(B61,ТМЦ!$B$3:$J$68,6,0) -> 0 | I61: =H61*G61 -> 0 | K61: =VLOOKUP(B61,ТМЦ!$B$3:$J$68,9,0) -> 0
B62: Извещатель тип 4 | D62: охранный точечный магнитоконтактный ИО 102-26 | E62: шт | F62: 76 | G62: =SUM(F62:F62) -> 76 | H62: =VLOOKUP(B62,ТМЦ!$B$3:$J$68,6,0) -> 0 | I62: =H62*G62 -> 0 | K62: =VLOOKUP(B62,ТМЦ!$B$3:$J$68,9,0) -> 0
B63: Извещатель тип 5 | D63: пожарный дымовой оптико-электронный адресно- аналоговый IP40 (новый корпус) ИП 212-45 | E63: шт | F63: 17 | G63: =SUM(F63:F63) -> 17 | H63: =VLOOKUP(B63,ТМЦ!$B$3:$J$68,6,0) -> 0 | I63: =H63*G63 -> 0 | J63: Встроенные помещения | K63: =VLOOKUP(B63,ТМЦ!$B$3:$J$68,9,0) -> 0
B64: Извещатель тип 6 | D64: пожарный ручной адресный с встроенным изолятором короткого замыкания ИПР 513-10 | E64: шт | F64: 6 | G64: =SUM(F64:F64) -> 6 | H64: =VLOOKUP(B64,ТМЦ!$B$3:$J$68,6,0) -> 0 | I64: =H64*G64 -> 0 | J64: Встроенные помещения | K64: =VLOOKUP(B64,ТМЦ!$B$3:$J$68,9,0) -> 0
B65: Устройство дистанционного пуска тип 1 | D65: УДП 513-11ИКЗ-R3 «Пуск дымоудаления» с встроенным изолятором короткого замыкания | E65: шт | F65: 61 | G65: =SUM(F65:F65) -> 61 | H65: =VLOOKUP(B65,ТМЦ!$B$3:$J$68,6,0) -> 0 | I65: =H65*G65 -> 0 | K65: =VLOOKUP(B65,ТМЦ!$B$3:$J$68,9,0) -> 0
B66: Устройство дистанционного пуска тип 2 | D66: УДП 513-11ИКЗ-R3 «ЗАПУСК ПОЖАРНЫХ НАСОСОВ» с встроенным изолятором короткого замыкания | E66: шт | F66: 80 | G66: =SUM(F66:F66) -> 80 | H66: =VLOOKUP(B66,ТМЦ!$B$3:$J$68,6,0) -> 0 | I66: =H66*G66 -> 0 | K66: =VLOOKUP(B66,ТМЦ!$B$3:$J$68,9,0) -> 0
B67: Устройство дистанционного пуска тип 3 | D67: УДП 513-10 «ЗАПУСК ПОЖАРНЫХ НАСОСОВ» с встроенным изолятором короткого замыкания | E67: шт | F67: 4 | G67: =SUM(F67:F67) -> 4 | H67: =VLOOKUP(B67,ТМЦ!$B$3:$J$68,6,0) -> 0 | I67: =H67*G67 -> 0 | J67: Встроенные помещения | K67: =VLOOKUP(B67,ТМЦ!$B$3:$J$68,9,0) -> 0
B68: Оповещатель тип 1 | D68: Оповещатель световой “ВЫХОД” ОПОП 1-8 12В | E68: шт | F68: 63 | G68: =SUM(F68:F68) -> 63 | H68: =VLOOKUP(B68,ТМЦ!$B$3:$J$68,6,0) -> 0 | I68: =H68*G68 -> 0 | J68: Встроенные помещения (6шт) | K68: =VLOOKUP(B68,ТМЦ!$B$3:$J$68,9,0) -> 0
B69: Оповещатель тип 2 | D69: Оповещатель звуковой ОПОП 2-35 12В | E69: шт | F69: 5 | G69: =SUM(F69:F69) -> 5 | H69: =VLOOKUP(B69,ТМЦ!$B$3:$J$68,6,0) -> 0 | I69: =H69*G69 -> 0 | J69: Встроенные помещения | K69: =VLOOKUP(B69,ТМЦ!$B$3:$J$68,9,0) -> 0
B70: Оповещатель тип 3 | D70: охранно-пожарный световой «Насосная станция пожаротушения» (световое табло (на защелках) (красный фон)) Молния-12 | E70: шт | F70: 1 | G70: =SUM(F70:F70) -> 1 | H70: =VLOOKUP(B70,ТМЦ!$B$3:$J$68,6,0) -> 0 | I70: =H70*G70 -> 0 | K70: =VLOOKUP(B70,ТМЦ!$B$3:$J$68,9,0) -> 0
B71: Оповещатель тип 4 | D71: охранно-пожарный световой "Подключение пожарной техники" КОП25 П IP54 | E71: шт | F71: 1 | G71: =SUM(F71:F71) -> 1 | H71: =VLOOKUP(B71,ТМЦ!$B$3:$J$68,6,0) -> 0 | I71: =H71*G71 -> 0 | K71: =VLOOKUP(B71,ТМЦ!$B$3:$J$68,9,0) -> 0
B72: Оповещатель тип 5 | D72: световой "ВЫХОД" Молния-12 ULTRA универсальное крепление | E72: шт | F72: 4 | G72: =SUM(F72:F72) -> 4 | H72: =VLOOKUP(B72,ТМЦ!$B$3:$J$68,6,0) -> 0 | I72: =H72*G72 -> 0 | K72: =VLOOKUP(B72,ТМЦ!$B$3:$J$68,9,0) -> 0
B73: Адресная метка | D73: АМ-1-R3 | E73: шт | F73: 38 | G73: =SUM(F73:F73) -> 38 | H73: =VLOOKUP(B73,ТМЦ!$B$3:$J$68,6,0) -> 0 | I73: =H73*G73 -> 0 | K73: =VLOOKUP(B73,ТМЦ!$B$3:$J$68,9,0) -> 0
B74: Адресная метка | D74: АМ-4-R3 | E74: шт | F74: 12 | G74: =SUM(F74:F74) -> 12 | H74: =VLOOKUP(B74,ТМЦ!$B$3:$J$68,6,0) -> 0 | I74: =H74*G74 -> 0 | K74: =VLOOKUP(B74,ТМЦ!$B$3:$J$68,9,0) -> 0
B75: Релейный модуль адресный тип 1 | D75: РМ-4-R3 | E75: шт | F75: 6 | G75: =SUM(F75:F75) -> 6 | H75: =VLOOKUP(B75,ТМЦ!$B$3:$J$68,6,0) -> 0 | I75: =H75*G75 -> 0 | K75: =VLOOKUP(B75,ТМЦ!$B$3:$J$68,9,0) -> 0
B76: Релейный модуль адресный тип 2 | D76: с контролем целостности цепи РМ-4К-R3 | E76: шт | F76: 10 | G76: =SUM(F76:F76) -> 10 | H76: =VLOOKUP(B76,ТМЦ!$B$3:$J$68,6,0) -> 0 | I76: =H76*G76 -> 0 | K76: =VLOOKUP(B76,ТМЦ!$B$3:$J$68,9,0) -> 0
B77: Модуль управления клапаном дымоудаления и огнезащиты | D77: МДУ-1С-R3 | E77: шт | F77: 110 | G77: =SUM(F77:F77) -> 110 | H77: =VLOOKUP(B77,ТМЦ!$B$3:$J$68,6,0) -> 0 | I77: =H77*G77 -> 0 | K77: =VLOOKUP(B77,ТМЦ!$B$3:$J$68,9,0) -> 0
B78: Изолятор шлейфа | D78: ИЗ-1-R3 | E78: шт | F78: 202 | G78: =SUM(F78:F78) -> 202 | H78: =VLOOKUP(B78,ТМЦ!$B$3:$J$68,6,0) -> 0 | I78: =H78*G78 -> 0 | J78: Встроенные помещения (8шт) | K78: =VLOOKUP(B78,ТМЦ!$B$3:$J$68,9,0) -> 0
B79: Шкаф управления тип 2 | D79: ШУН/В-5,5-03-R3 | E79: шт | F79: 3 | G79: =SUM(F79:F79) -> 3 | H79: =VLOOKUP(B79,ТМЦ!$B$3:$J$68,6,0) -> 0 | I79: =H79*G79 -> 0 | K79: =VLOOKUP(B79,ТМЦ!$B$3:$J$68,9,0) -> 0
B80: Шкаф управления тип 3 | D80: ШУН/В-7,5-03-R3 | E80: шт | F80: 4 | G80: =SUM(F80:F80) -> 4 | H80: =VLOOKUP(B80,ТМЦ!$B$3:$J$68,6,0) -> 0 | I80: =H80*G80 -> 0 | K80: =VLOOKUP(B80,ТМЦ!$B$3:$J$68,9,0) -> 0
B81: Шкаф управления тип 4 | D81: ШУЗ-3-0,75-00-R3 | E81: шт | F81: 1 | G81: =SUM(F81:F81) -> 1 | H81: =VLOOKUP(B81,ТМЦ!$B$3:$J$68,6,0) -> 0 | I81: =H81*G81 -> 0 | K81: =VLOOKUP(B81,ТМЦ!$B$3:$J$68,9,0) -> 0
B82: Шкаф управления тип 5 | D82: ШУН/В-11,0-03-R3 | E82: шт | F82: 1 | G82: =SUM(F82:F82) -> 1 | H82: =VLOOKUP(B82,ТМЦ!$B$3:$J$68,6,0) -> 0 | I82: =H82*G82 -> 0 | K82: =VLOOKUP(B82,ТМЦ!$B$3:$J$68,9,0) -> 0
B83: Аккумулятор тип 1 | D83: 7 Ач | E83: шт | F83: 10 | G83: =SUM(F83:F83) -> 10 | H83: =VLOOKUP(B83,ТМЦ!$B$3:$J$68,6,0) -> 0 | I83: =H83*G83 -> 0 | K83: =VLOOKUP(B83,ТМЦ!$B$3:$J$68,9,0) -> 0
B84: Аккумулятор тип 2 | D84: 12 Ач | E84: шт | F84: 2 | G84: =SUM(F84:F84) -> 2 | H84: =VLOOKUP(B84,ТМЦ!$B$3:$J$68,6,0) -> 0 | I84: =H84*G84 -> 0 | K84: =VLOOKUP(B84,ТМЦ!$B$3:$J$68,9,0) -> 0
B85: Аккумулятор тип 3 | D85: 40 Ач | E85: шт | F85: 6 | G85: =SUM(F85:F85) -> 6 | H85: =VLOOKUP(B85,ТМЦ!$B$3:$J$68,6,0) -> 0 | I85: =H85*G85 -> 0 | K85: =VLOOKUP(B85,ТМЦ!$B$3:$J$68,9,0) -> 0
B86: Щит металлический тип 1 | C86: IEK | D86: ЩМП-5-0 1000х650х285мм У2 IP54 RAL 3020 | E86: шт | F86: 1 | G86: =SUM(F86:F86) -> 1 | H86: =VLOOKUP(B86,ТМЦ!$B$3:$J$68,6,0) -> 0 | I86: =H86*G86 -> 0 | K86: =VLOOKUP(B86,ТМЦ!$B$3:$J$68,9,0) -> 0
B87: Щит металлический тип 2 | C87: IEK | D87: ЩМП-3-0 650х220х500мм У2 IP54 RAL 3020 | E87: шт | F87: 1 | G87: =SUM(F87:F87) -> 1 | H87: =VLOOKUP(B87,ТМЦ!$B$3:$J$68,6,0) -> 0 | I87: =H87*G87 -> 0 | K87: =VLOOKUP(B87,ТМЦ!$B$3:$J$68,9,0) -> 0
B88: Знак пожарной безопасности тип 1 | D88: на пластиковой основе 100*100 «Кнопка включения пожарной автоматики» (извещатель пожарный ручной) F10 | E88: шт | F88: =F64+F60 -> 67 | G88: =SUM(F88:F88) -> 67 | H88: =VLOOKUP(B88,ТМЦ!$B$3:$J$68,6,0) -> 0 | I88: =H88*G88 -> 0 | J88: Встроенные помещения | K88: =VLOOKUP(B88,ТМЦ!$B$3:$J$68,9,0) -> 0
B89: Знак пожарной безопасности тип 2 | D89: на пластиковой основе 100*100 «Звуковой оповещатель пожарной тревоги» F11 | E89: шт | F89: =F69+F50 -> 104 | G89: =SUM(F89:F89) -> 104 | H89: =VLOOKUP(B89,ТМЦ!$B$3:$J$68,6,0) -> 0 | I89: =H89*G89 -> 0 | J89: Встроенные помещения | K89: =VLOOKUP(B89,ТМЦ!$B$3:$J$68,9,0) -> 0
B90: Знак пожарной безопасности тип 3 | D90: пленка ПВХ 100*100 «Кнопка включения пожарной автоматики» (извещатель пожарный ручной) F10 | E90: шт | F90: =F66+F67 -> 84 | G90: =SUM(F90:F90) -> 84 | H90: =VLOOKUP(B90,ТМЦ!$B$3:$J$68,6,0) -> 0 | I90: =H90*G90 -> 0 | J90: Встроенные помещения | K90: =VLOOKUP(B90,ТМЦ!$B$3:$J$68,9,0) -> 0
B91: Бесконтактный считыватель идентификаторов смарт-карт | D91: STR-RM-B01 | E91: шт | F91: 4 | G91: =SUM(F91:F91) -> 4 | H91: =VLOOKUP(B91,ТМЦ!$B$3:$J$68,6,0) -> 0 | I91: =H91*G91 -> 0 | J91: Встроенные помещения | K91: =VLOOKUP(B91,ТМЦ!$B$3:$J$68,9,0) -> 0
B92: Карта Mifare | E92: шт | F92: 4 | G92: =SUM(F92:F92) -> 4 | H92: =VLOOKUP(B92,ТМЦ!$B$3:$J$68,6,0) -> 0 | I92: =H92*G92 -> 0 | J92: Встроенные помещения | K92: =VLOOKUP(B92,ТМЦ!$B$3:$J$68,9,0) -> 0
A93: 11.10.03. | B93: ПНР
A94: 11.10.03.00 | B94: ПНР | I94: =I95+I97 -> 0
B95: Работа: | I95: =SUM(I96:I96) -> 0
B96: Пусконаладочные работы | E96: комплекс | F96: 1 | G96: 1 | H96: =VLOOKUP(B96,СМР!$B$3:$F$7,5,0) -> 0 | I96: =H96*G96 -> 0
B97: Материалы: | I97: =SUM(I98:I98) -> 0
B98: - | I98: =H98*G98 -> 0
B99: Итого по ЛСР, в т.ч. НДС: | I99: =SUM(I94,I41,I15) -> 0
B100: в тч стоимость работ: | I100: =SUMIF($B$12:$B$98,"Работа:",I$12:I$98) -> 0
B101: в тч стоимость материалов: | I101: =SUMIF($B$12:$B$98,"Материалы:",I$12:I$98) -> 0
B102: в тч НДС 22%: | I102: =I99*22/122 -> 0
B105: Примечание:
...

Sheet СМР
A1: Ведомость объемов работ
A2: № п/п | B2: Наименование | C2: Характеристика | D2: Ед. изм. | E2: Кол-во | F2: Цена | G2: Сумма | H2: Примечание
A3: =ROW()-2 -> 1 | B3: Прокладка КПП | D3: м | E3: =SUMIF(ЛСР!$B$12:$B$98,СМР!B3,ЛСР!$F$12:$F$98) -> 13900 | G3: =F3*E3 -> 0
A4: =ROW()-2 -> 2 | B4: Прокладка металлорукава | D4: м | E4: =SUMIF(ЛСР!$B$12:$B$98,СМР!B4,ЛСР!$F$12:$F$98) -> 650 | G4: =F4*E4 -> 0
A5: =ROW()-2 -> 3 | B5: Прокладка трубы | D5: м | E5: =SUMIF(ЛСР!$B$12:$B$98,СМР!B5,ЛСР!$F$12:$F$98) -> 6812 | G5: =F5*E5 -> 0
A6: =ROW()-2 -> 4 | B6: Монтажные работы | D6: комплекс | E6: =SUMIF(ЛСР!$B$12:$B$98,СМР!B6,ЛСР!$F$12:$F$98) -> 1 | G6: =F6*E6 -> 0
A7: =ROW()-2 -> 5 | B7: Пусконаладочные работы | D7: комплекс | E7: =SUMIF(ЛСР!$B$12:$B$98,СМР!B7,ЛСР!$F$12:$F$98) -> 1 | G7: =F7*E7 -> 0
F8: ИТОГО: | G8: =SUM(G3:G7) -> 0
F9: проверка: | G9: =G8-ЛСР!I100 -> 0
B11: Примечание:
A12: - | B12: В случае, если один из перечисленных прочих материалов не был использован по факту при производстве работ, заказчик вправе откорректировать процент расходных материалов в актах выполненных работ (формы КС-2, КС-3), уменьшив на сумму исключенного материала.
A13: - | B13: Стоимость СМР учитывает - затраты на все второстепенные материалы и работы необходимые для осуществления полного комплекса работ, включая затраты: обеспечение технической водой для производства работ и бытовых целей; на мобилизацию, аренду и эксплуатацию всех необходимых механизмов, оборудования и инструментов, бытовых помещений и биотуалетов; на подъем материалов и разноску по этажам к местам производства работ; выполнение сопутствующих работ; вывоз мусора; накладные расходы, прибыль организации, налоги и иные издержки Подрядчика. Обеспечение безопасного производства работ на участке.
A14: - | B14: Стоимость материалов учитывает стоимость доставки.

Sheet ТМЦ
A1: Спецификация материалов
A2: № п/п | B2: Наименование | C2: Марка | D2: Характеристика | E2: Ед. изм. | F2: Кол-во | G2: Цена | H2: Сумма | I2: Примечание | J2: Форма закупа материала
A3: =ROW()-2 -> 1 | B3: Кабель тип 1 | C3: КПСнг(А)-FRLS | D3: симметричной парной скрутки, сеч. 1х2х0,5 мм2 | E3: м | F3: =SUMIF(ЛСР!$B$12:$B$98,B3,ЛСР!$F$12:$F$98) -> 8900 | H3: =G3*F3 -> 0 | I3: =VLOOKUP(B3,ЛСР!$B$12:$J$98,9,0) -> 0
A4: =ROW()-2 -> 2 | B4: Кабель тип 2 | C4: КПСнг(А)-FRLS | D4: симметричной парной скрутки, сеч. 1х2х1,5 мм2 | E4: м | F4: =SUMIF(ЛСР!$B$12:$B$98,B4,ЛСР!$F$12:$F$98) -> 3200 | H4: =G4*F4 -> 0 | I4: =VLOOKUP(B4,ЛСР!$B$12:$J$98,9,0) -> 0
A5: =ROW()-2 -> 3 | B5: Кабель тип 3 | C5: КПСнг(А)-FRLS | D5: симметричной парной скрутки, сеч. 2х2х0,2 мм2 | E5: м | F5: =SUMIF(ЛСР!$B$12:$B$98,B5,ЛСР!$F$12:$F$98) -> 250 | H5: =G5*F5 -> 0 | I5: =VLOOKUP(B5,ЛСР!$B$12:$J$98,9,0) -> 0
A6: =ROW()-2 -> 4 | B6: Кабель тип 4 | C6: ВВГнг(А)-FRLS | D6: Кабель огнестойкий силовой, сеч. 5x1,5 мм2 | E6: м | F6: =SUMIF(ЛСР!$B$12:$B$98,B6,ЛСР!$F$12:$F$98) -> 90 | H6: =G6*F6 -> 0 | I6: =VLOOKUP(B6,ЛСР!$B$12:$J$98,9,0) -> 0
A7: =ROW()-2 -> 5 | B7: Кабель тип 5 | C7: ВВГнг(А)-FRLS | D7: огнестойкий силовой, сеч. 3x1,5 мм2 | E7: м | F7: =SUMIF(ЛСР!$B$12:$B$98,B7,ЛСР!$F$12:$F$98) -> 650 | H7: =G7*F7 -> 0 | I7: =VLOOKUP(B7,ЛСР!$B$12:$J$98,9,0) -> 0
A8: =ROW()-2 -> 6 | B8: Кабель тип 6 | C8: КПСнг(А)-FRLS | D8: симметричной парной скрутки, сеч. 2х2х0,5 мм2 | E8: м | F8: =SUMIF(ЛСР!$B$12:$B$98,B8,ЛСР!$F$12:$F$98) -> 810 | H8: =G8*F8 -> 0 | I8: =VLOOKUP(B8,ЛСР!$B$12:$J$98,9,0) -> 0
A9: =ROW()-2 -> 7 | B9: Металлорукав | D9: в ПВХ изоляции МРПИ НГ д20 морозостойкий черный, УХЛ1 | E9: м | F9: =SUMIF(ЛСР!$B$12:$B$98,B9,ЛСР!$F$12:$F$98) -> 650 | H9: =G9*F9 -> 0 | I9: =VLOOKUP(B9,ЛСР!$B$12:$J$98,9,0) -> 0
A10: =ROW()-2 -> 8 | B10: Труба тип 1 | D10: гофрированная самозатухающая ТГТ СЗ Ø 16 мм с зондом | E10: м | F10: =SUMIF(ЛСР!$B$12:$B$98,B10,ЛСР!$F$12:$F$98) -> 6200 | H10: =G10*F10 -> 0 | I10: =VLOOKUP(B10,ЛСР!$B$12:$J$98,9,0) -> 0
A11: =ROW()-2 -> 9 | B11: Труба тип 2 | D11: гофрированная самозатухающая ТГТ СЗ Ø 25 мм с зондом | E11: м | F11: =SUMIF(ЛСР!$B$12:$B$98,B11,ЛСР!$F$12:$F$98) -> 480 | H11: =G11*F11 -> 0 | I11: =VLOOKUP(B11,ЛСР!$B$12:$J$98,9,0) -> 0
A12: =ROW()-2 -> 10 | B12: Труба тип 3 | D12: жесткая ПВХ д50 CTR10-063-K41-015I | E12: м | F12: =SUMIF(ЛСР!$B$12:$B$98,B12,ЛСР!$F$12:$F$98) -> 120 | H12: =G12*F12 -> 0 | I12: =VLOOKUP(B12,ЛСР!$B$12:$J$98,9,0) -> 0
A13: =ROW()-2 -> 11 | B13: Труба тип 4 | D13: Труба электросварная 76х3,5 | E13: м | F13: =SUMIF(ЛСР!$B$12:$B$98,B13,ЛСР!$F$12:$F$98) -> 12 | H13: =G13*F13 -> 0 | I13: =VLOOKUP(B13,ЛСР!$B$12:$J$98,9,0) -> 0
A14: =ROW()-2 -> 12 | B14: Кабель-канал 100х60 | D14: CKK10-100-060-1-K01 | E14: м | F14: =SUMIF(ЛСР!$B$12:$B$98,B14,ЛСР!$F$12:$F$98) -> 20 | H14: =G14*F14 -> 0 | I14: =VLOOKUP(B14,ЛСР!$B$12:$J$98,9,0) -> 0
A15: =ROW()-2 -> 13 | B15: Монтажная пена Технониколь 240 PROFESSIONAL, огнестойкая, TN528380 | E15: шт | F15: =SUMIF(ЛСР!$B$12:$B$98,B15,ЛСР!$F$12:$F$98) -> 4 | H15: =G15*F15 -> 0 | I15: =VLOOKUP(B15,ЛСР!$B$12:$J$98,9,0) -> 0
A16: =ROW()-2 -> 14 | B16: Огнезащитный силиконовый герметик Огнетитан SN однокомпонентный, серый 310 мл ТУ 2513-004-03495485-2016 БП-00000536 | E16: шт | F16: =SUMIF(ЛСР!$B$12:$B$98,B16,ЛСР!$F$12:$F$98) -> 4 | H16: =G16*F16 -> 0 | I16: =VLOOKUP(B16,ЛСР!$B$12:$J$98,9,0) -> 0
A17: =ROW()-2 -> 15 | B17: Коробка распределительная огнестойкая | D17: КМ-О (4к)-IP41 | E17: шт | F17: =SUMIF(ЛСР!$B$12:$B$98,B17,ЛСР!$F$12:$F$98) -> 20 | H17: =G17*F17 -> 0 | I17: =VLOOKUP(B17,ЛСР!$B$12:$J$98,9,0) -> 0
A18: =ROW()-2 -> 16 | B18: Коробка распределительная 80х80х40 | C18: DKC | D18: 53700 | E18: шт | F18: =SUMIF(ЛСР!$B$12:$B$98,B18,ЛСР!$F$12:$F$98) -> 160 | H18: =G18*F18 -> 0 | I18: =VLOOKUP(B18,ЛСР!$B$12:$J$98,9,0) -> 0
A19: =ROW()-2 -> 17 | B19: Коробка распределительная огнестойкая | D19: КМ-О (8к)-IP41 | E19: шт | F19: =SUMIF(ЛСР!$B$12:$B$98,B19,ЛСР!$F$12:$F$98) -> 50 | H19: =G19*F19 -> 0 | I19: =VLOOKUP(B19,ЛСР!$B$12:$J$98,9,0) -> 0
A20: =ROW()-2 -> 18 | B20: Хомут трубный в комплекте, 1 1/2", 47-51 мм | D20: 47-51 мм | E20: шт | F20: =SUMIF(ЛСР!$B$12:$B$98,B20,ЛСР!$F$12:$F$98) -> 80 | H20: =G20*F20 -> 0 | I20: =VLOOKUP(B20,ЛСР!$B$12:$J$98,9,0) -> 0
A21: =ROW()-2 -> 19 | B21: Прибор приемно-контрольный и управления охранно-пожарный адресный | D21: R3-Рубеж-2ОП | E21: шт | F21: =SUMIF(ЛСР!$B$12:$B$98,B21,ЛСР!$F$12:$F$98) -> 5 | H21: =G21*F21 -> 0 | I21: =VLOOKUP(B21,ЛСР!$B$12:$J$98,9,0) -> 0
A22: =ROW()-2 -> 20 | B22: Прибор приемно-контрольный и управления охранно-пожарный адресный | D22: АМП-4-R3 | E22: шт | F22: =SUMIF(ЛСР!$B$12:$B$98,B22,ЛСР!$F$12:$F$98) -> 4 | H22: =G22*F22 -> 0 | I22: =VLOOKUP(B22,ЛСР!$B$12:$J$98,9,0) -> Встроенные помещения
A23: =ROW()-2 -> 21 | B23: Блок индикации и управления | D23: R3-Рубеж-БИУ | E23: шт | F23: =SUMIF(ЛСР!$B$12:$B$98,B23,ЛСР!$F$12:$F$98) -> 1 | H23: =G23*F23 -> 0 | I23: =VLOOKUP(B23,ЛСР!$B$12:$J$98,9,0) -> 0
A24: =ROW()-2 -> 22 | B24: Модуль связи | D24: R3-МС | E24: шт | F24: =SUMIF(ЛСР!$B$12:$B$98,B24,ЛСР!$F$12:$F$98) -> 1 | H24: =G24*F24 -> 0 | I24: =VLOOKUP(B24,ЛСР!$B$12:$J$98,9,0) -> 0
A25: =ROW()-2 -> 23 | B25: Модуль сопряжения | D25: R3-МС-E | E25: шт | F25: =SUMIF(ЛСР!$B$12:$B$98,B25,ЛСР!$F$12:$F$98) -> 1 | H25: =G25*F25 -> 0 | I25: =VLOOKUP(B25,ЛСР!$B$12:$J$98,9,0) -> 0
A26: =ROW()-2 -> 24 | B26: Настенный громкоговоритель | C26: Sonar | D26: SW-06-03 | E26: шт | F26: =SUMIF(ЛСР!$B$12:$B$98,B26,ЛСР!$F$12:$F$98) -> 99 | H26: =G26*F26 -> 0 | I26: =VLOOKUP(B26,ЛСР!$B$12:$J$98,9,0) -> 0
A27: =ROW()-2 -> 25 | B27: Фильтр оконечный для трансляционной линии | C27: Sonar | D27: SFT-2300-M | E27: шт | F27: =SUMIF(ЛСР!$B$12:$B$98,B27,ЛСР!$F$12:$F$98) -> 4 | H27: =G27*F27 -> 0 | I27: =VLOOKUP(B27,ЛСР!$B$12:$J$98,9,0) -> 0
A28: =ROW()-2 -> 26 | B28: Источник вторичного электропитания тип 1 | D28: ИВЭПР 12/3,5 RS-R3 исп. 2x12 БР | E28: шт | F28: =SUMIF(ЛСР!$B$12:$B$98,B28,ЛСР!$F$12:$F$98) -> 1 | H28: =G28*F28 -> 0 | I28: =VLOOKUP(B28,ЛСР!$B$12:$J$98,9,0) -> 0
A29: =ROW()-2 -> 27 | B29: Источник вторичного электропитания тип 2 | D29: ИВЭПР 12/5 RS-R3 исп. 2x40 БР | E29: шт | F29: =SUMIF(ЛСР!$B$12:$B$98,B29,ЛСР!$F$12:$F$98) -> 1 | H29: =G29*F29 -> 0 | I29: =VLOOKUP(B29,ЛСР!$B$12:$J$98,9,0) -> 0
A30: =ROW()-2 -> 28 | B30: Источник вторичного электропитания тип 3 | D30: ИВЭПР 12/2 RS-R3 исп. 2x7 БР | E30: шт | F30: =SUMIF(ЛСР!$B$12:$B$98,B30,ЛСР!$F$12:$F$98) -> 3 | H30: =G30*F30 -> 0 | I30: =VLOOKUP(B30,ЛСР!$B$12:$J$98,9,0) -> 0
A31: =ROW()-2 -> 29 | B31: Источник вторичного электропитания тип 4 | D31: РИП-12 исп.20 (РИП-12-1/7М2-Р) | E31: шт | F31: =SUMIF(ЛСР!$B$12:$B$98,B31,ЛСР!$F$12:$F$98) -> 4 | H31: =G31*F31 -> 0 | I31: =VLOOKUP(B31,ЛСР!$B$12:$J$98,9,0) -> Встроенные помещения
A32: =ROW()-2 -> 30 | B32: Прибор управления средствами оповещения пожарный | C32: Sonar | D32: "Sonar SPM-B20050-AW" | E32: шт | F32: =SUMIF(ЛСР!$B$12:$B$98,B32,ЛСР!$F$12:$F$98) -> 1 | H32: =G32*F32 -> 0 | I32: =VLOOKUP(B32,ЛСР!$B$12:$J$98,9,0) -> 0
A33: =ROW()-2 -> 31 | B33: Бокс под 2 АКБ 12В 40Ач | C33: Sonar | D33: Sonar "SPM-Bох" | E33: шт | F33: =SUMIF(ЛСР!$B$12:$B$98,B33,ЛСР!$F$12:$F$98) -> 2 | H33: =G33*F33 -> 0 | I33: =VLOOKUP(B33,ЛСР!$B$12:$J$98,9,0) -> 0
A34: =ROW()-2 -> 32 | B34: Кожух для моноблоков серии SPM настенного исполнения | C34: Sonar | D34: кожух | E34: шт | F34: =SUMIF(ЛСР!$B$12:$B$98,B34,ЛСР!$F$12:$F$98) -> 1 | H34: =G34*F34 -> 0 | I34: =VLOOKUP(B34,ЛСР!$B$12:$J$98,9,0) -> 0
A35: =ROW()-2 -> 33 | B35: Извещатель тип 1 | D35: пожарный дымовой оптико-электронный адресно-аналоговый ИП 212-64-R3 IP40 (новый корпус) | E35: шт | F35: =SUMIF(ЛСР!$B$12:$B$98,B35,ЛСР!$F$12:$F$98) -> 786 | H35: =G35*F35 -> 0 | I35: =VLOOKUP(B35,ЛСР!$B$12:$J$98,9,0) -> 0
A36: =ROW()-2 -> 34 | B36: Извещатель тип 2 | D36: пожарный ручной адресный с встроенным изолятором короткого замыкания ИПР 513-11 ИКЗ-А-R3 | E36: шт | F36: =SUMIF(ЛСР!$B$12:$B$98,B36,ЛСР!$F$12:$F$98) -> 61 | H36: =G36*F36 -> 0 | I36: =VLOOKUP(B36,ЛСР!$B$12:$J$98,9,0) -> 0
A37: =ROW()-2 -> 35 | B37: Извещатель тип 3 | D37: пожарный автономный ИП 212-50М2 | E37: шт | F37: =SUMIF(ЛСР!$B$12:$B$98,B37,ЛСР!$F$12:$F$98) -> 616 | H37: =G37*F37 -> 0 | I37: =VLOOKUP(B37,ЛСР!$B$12:$J$98,9,0) -> 0
A38: =ROW()-2 -> 36 | B38: Извещатель тип 4 | D38: охранный точечный магнитоконтактный ИО 102-26 | E38: шт | F38: =SUMIF(ЛСР!$B$12:$B$98,B38,ЛСР!$F$12:$F$98) -> 76 | H38: =G38*F38 -> 0 | I38: =VLOOKUP(B38,ЛСР!$B$12:$J$98,9,0) -> 0
A39: =ROW()-2 -> 37 | B39: Извещатель тип 5 | D39: пожарный дымовой оптико-электронный адресно- аналоговый IP40 (новый корпус) ИП 212-45 | E39: шт | F39: =SUMIF(ЛСР!$B$12:$B$98,B39,ЛСР!$F$12:$F$98) -> 17 | H39: =G39*F39 -> 0 | I39: =VLOOKUP(B39,ЛСР!$B$12:$J$98,9,0) -> Встроенные помещения
A40: =ROW()-2 -> 38 | B40: Извещатель тип 6 | D40: пожарный ручной адресный с встроенным изолятором короткого замыкания ИПР 513-10 | E40: шт | F40: =SUMIF(ЛСР!$B$12:$B$98,B40,ЛСР!$F$12:$F$98) -> 6 | H40: =G40*F40 -> 0 | I40: =VLOOKUP(B40,ЛСР!$B$12:$J$98,9,0) -> Встроенные помещения
A41: =ROW()-2 -> 39 | B41: Устройство дистанционного пуска тип 1 | D41: УДП 513-11ИКЗ-R3 «Пуск дымоудаления» с встроенным изолятором короткого замыкания | E41: шт | F41: =SUMIF(ЛСР!$B$12:$B$98,B41,ЛСР!$F$12:$F$98) -> 61 | H41: =G41*F41 -> 0 | I41: =VLOOKUP(B41,ЛСР!$B$12:$J$98,9,0) -> 0
A42: =ROW()-2 -> 40 | B42: Устройство дистанционного пуска тип 2 | D42: УДП 513-11ИКЗ-R3 «ЗАПУСК ПОЖАРНЫХ НАСОСОВ» с встроенным изолятором короткого замыкания | E42: шт | F42: =SUMIF(ЛСР!$B$12:$B$98,B42,ЛСР!$F$12:$F$98) -> 80 | H42: =G42*F42 -> 0 | I42: =VLOOKUP(B42,ЛСР!$B$12:$J$98,9,0) -> 0
A43: =ROW()-2 -> 41 | B43: Устройство дистанционного пуска тип 3 | D43: УДП 513-10 «ЗАПУСК ПОЖАРНЫХ НАСОСОВ» с встроенным изолятором короткого замыкания | E43: шт | F43: =SUMIF(ЛСР!$B$12:$B$98,B43,ЛСР!$F$12:$F$98) -> 4 | H43: =G43*F43 -> 0 | I43: =VLOOKUP(B43,ЛСР!$B$12:$J$98,9,0) -> Встроенные помещения
A44: =ROW()-2 -> 42 | B44: Оповещатель тип 1 | D44: Оповещатель световой “ВЫХОД” ОПОП 1-8 12В | E44: шт | F44: =SUMIF(ЛСР!$B$12:$B$98,B44,ЛСР!$F$12:$F$98) -> 63 | H44: =G44*F44 -> 0 | I44: =VLOOKUP(B44,ЛСР!$B$12:$J$98,9,0) -> Встроенные помещения (6шт)
A45: =ROW()-2 -> 43 | B45: Оповещатель тип 2 | D45: Оповещатель звуковой ОПОП 2-35 12В | E45: шт | F45: =SUMIF(ЛСР!$B$12:$B$98,B45,ЛСР!$F$12:$F$98) -> 5 | H45: =G45*F45 -> 0 | I45: =VLOOKUP(B45,ЛСР!$B$12:$J$98,9,0) -> Встроенные помещения
A46: =ROW()-2 -> 44 | B46: Оповещатель тип 3 | D46: охранно-пожарный световой «Насосная станция пожаротушения» (световое табло (на защелках) (красный фон)) Молния-12 | E46: шт | F46: =SUMIF(ЛСР!$B$12:$B$98,B46,ЛСР!$F$12:$F$98) -> 1 | H46: =G46*F46 -> 0 | I46: =VLOOKUP(B46,ЛСР!$B$12:$J$98,9,0) -> 0
... A61: =ROW()-2 -> 59 | B61: Аккумулятор тип 3 | D61: 40 Ач | E61: шт | F61: =SUMIF(ЛСР!$B$12:$B$98,B61,ЛСР!$F$12:$F$98) -> 6 | H61: =G61*F61 -> 0 | I61: =VLOOKUP(B61,ЛСР!$B$12:$J$98,9,0) -> 0
A62: =ROW()-2 -> 60 | B62: Щит металлический тип 1 | C62: IEK | D62: ЩМП-5-0 1000х650х285мм У2 IP54 RAL 3020 | E62: шт | F62: =SUMIF(ЛСР!$B$12:$B$98,B62,ЛСР!$F$12:$F$98) -> 1 | H62: =G62*F62 -> 0 | I62: =VLOOKUP(B62,ЛСР!$B$12:$J$98,9,0) -> 0
A63: =ROW()-2 -> 61 | B63: Щит металлический тип 2 | C63: IEK | D63: ЩМП-3-0 650х220х500мм У2 IP54 RAL 3020 | E63: шт | F63: =SUMIF(ЛСР!$B$12:$B$98,B63,ЛСР!$F$12:$F$98) -> 1 | H63: =G63*F63 -> 0 | I63: =VLOOKUP(B63,ЛСР!$B$12:$J$98,9,0) -> 0
A64: =ROW()-2 -> 62 | B64: Знак пожарной безопасности тип 1 | D64: на пластиковой основе 100*100 «Кнопка включения пожарной автоматики» (извещатель пожарный ручной) F10 | E64: шт | F64: =SUMIF(ЛСР!$B$12:$B$98,B64,ЛСР!$F$12:$F$98) -> 67 | H64: =G64*F64 -> 0 | I64: =VLOOKUP(B64,ЛСР!$B$12:$J$98,9,0) -> Встроенные помещения
A65: =ROW()-2 -> 63 | B65: Знак пожарной безопасности тип 2 | D65: на пластиковой основе 100*100 «Звуковой оповещатель пожарной тревоги» F11 | E65: шт | F65: =SUMIF(ЛСР!$B$12:$B$98,B65,ЛСР!$F$12:$F$98) -> 104 | H65: =G65*F65 -> 0 | I65: =VLOOKUP(B65,ЛСР!$B$12:$J$98,9,0) -> Встроенные помещения
A66: =ROW()-2 -> 64 | B66: Знак пожарной безопасности тип 3 | D66: пленка ПВХ 100*100 «Кнопка включения пожарной автоматики» (извещатель пожарный ручной) F10 | E66: шт | F66: =SUMIF(ЛСР!$B$12:$B$98,B66,ЛСР!$F$12:$F$98) -> 84 | H66: =G66*F66 -> 0 | I66: =VLOOKUP(B66,ЛСР!$B$12:$J$98,9,0) -> Встроенные помещения
A67: =ROW()-2 -> 65 | B67: Бесконтактный считыватель идентификаторов смарт-карт | D67: STR-RM-B01 | E67: шт | F67: =SUMIF(ЛСР!$B$12:$B$98,B67,ЛСР!$F$12:$F$98) -> 4 | H67: =G67*F67 -> 0 | I67: =VLOOKUP(B67,ЛСР!$B$12:$J$98,9,0) -> Встроенные помещения
A68: =ROW()-2 -> 66 | B68: Карта Mifare | E68: шт | F68: =SUMIF(ЛСР!$B$12:$B$98,B68,ЛСР!$F$12:$F$98) -> 4 | H68: =G68*F68 -> 0 | I68: =VLOOKUP(B68,ЛСР!$B$12:$J$98,9,0) -> Встроенные помещения
G69: ИТОГО: | H69: =SUM(H3:H68) -> 0
G70: проверка: | H70: =H69-ЛСР!I101 -> 0
B72: Примечание:
A73: - | B73: В случае, если один из перечисленных прочих материалов не был использован по факту при производстве работ, заказчик вправе откорректировать процент расходных материалов в актах выполненных работ (формы КС-2, КС-3), уменьшив на сумму исключенного материала.
A74: - | B74: Стоимость СМР учитывает - затраты на все второстепенные материалы и работы необходимые для осуществления полного комплекса работ, включая затраты: обеспечение технической водой для производства работ и бытовых целей; на мобилизацию, аренду и эксплуатацию всех необходимых механизмов, оборудования и инструментов, бытовых помещений и биотуалетов; на подъем материалов и разноску по этажам к местам производства работ; выполнение сопутствующих работ; вывоз мусора; накладные расходы, прибыль организации, налоги и иные издержки Подрядчика. Обеспечение безопасного производства работ на участке.
A75: - | B75: Стоимость материалов учитывает стоимость доставки.
